[Event "Team 45 45 League T96"]
[Site "Internet Chess Club"]
[Date "2023.05.13"]
[Round "1"]
[White "tightfist"]
[Black "rjhoro"]
[Result "0-1"]
[WhiteElo "1382"]
[BlackElo "1186"]
[Opening "Réti opening"]
[ECO "A11"]
[Time "19:02:23"]
[PlyCount "138"]
[TimeControl "2700+45"]

1. Nf3 d5 2. c4 c6 3. e3 Nf6 4. Nc3 Bg4 5. d4 e6 6. h3 Bh5 7. a3 a5 8. b3 Be7 9.
Be2 Nbd7 10. Bb2 O-O 11. O-O Rc8 12. Rc1 c5 13. cxd5 exd5 14. Nb5 Qb6 15. a4 Ne4
16. Ne5 Bxe2 17. Qxe2 Nxe5 18. dxe5 Qe6 19. Rc2 b6 20. Rfc1 f6 21. exf6 Bxf6 22.
Bxf6 Rxf6 23. Nd4 Qf7 24. Nf3 Rf8 25. Rf1 Qh5 26. Rcc1 Rg6 27. Kh2 Ng5 28. Ng1
Qh6 29. f3 Ne6 30. f4 Rf5 31. Rf3 Rgf6 32. g4 Nxf4 33. gxf5 Nxe2 34. Nxe2 g6 35.
Rcf1 gxf5 36. Rg1+ Kf7 37. Nf4 Rd6 38. Rfg3 Kf6 39. Rg8 Kf7 40. R8g5 Qf6 41. Nh5
Qb2+ 42. R1g2 Qe5+ 43. R2g3 Rg6 44. h4 Rxg5 45. hxg5 Kg6 46. Nf4+ Kf7 47. Rh3
Kg7 48. Kg2 Qb2+ 49. Kf3 Qxb3 50. Rh6 Qd1+ 51. Kf2 Qc2+ 52. Kg3 Qe4 53. Nh5+ Kh8
54. Nf6 Qxe3+ 55. Kh4 Qf4+ 56. Kh3 Qf1+ 57. Kh2 Qe2+ 58. Kh3 Qe7 59. Kh4 c4 60.
Kg3 c3 61. Rh2 Qe5+ 62. Kh3 Qxh2+ 63. Kxh2 c2 64. Nxd5 c1=Q 65. Kg3 Qxg5+ 66.
Kf3 Qg4+ 67. Kf2 Qd4+ 68. Ne3 f4 69. Kf3 fxe3 {White resigns} 0-1

[Event "Team 45 45 League T96"]
[Site "Internet Chess Club"]
[Date "2023.05.10"]
[Round "1"]
[White "WillC"]
[Black "clarinetref"]
[Result "1-0"]
[WhiteElo "1597"]
[BlackElo "1486"]
[Opening "Nimzo-Indian: classical variation"]
[ECO "E32"]
[Time "21:00:31"]
[PlyCount "89"]
[TimeControl "2700+45"]

1. d4 Nf6 2. c4 e6 3. Nc3 Bb4 4. Qc2 b6 5. a3 Bxc3+ 6. Qxc3 Bb7 7. Bg5 h6 8. Bh4
g5 9. Bg3 d6 10. Nf3 Nbd7 11. e3 Qe7 12. O-O-O Ne4 13. Qc2 Rc8 14. Kb1 f5 15.
Bd3 Ndf6 16. Rhe1 Qg7 17. Nd2 Nxd2+ 18. Qxd2 Bxg2 19. f4 Be4 20. fxg5 hxg5 21.
c5 Bxd3+ 22. Qxd3 Qd7 23. b4 Ne4 24. Qc4 d5 25. Qc2 Nxg3 26. hxg3 Kf7 27. Rf1 g4
28. Qe2 Rcg8 29. b5 Rh3 30. cxb6 cxb6 31. Rc1 Rxg3 32. Rc6 Rc8 33. Rh1 Rh3 34.
Rxh3 gxh3 35. Qh5+ Kf6 36. Qh6+ Ke7 37. Qg7+ Ke8 38. Qg8+ Ke7 39. Qxc8 h2 40.
Qxd7+ Kxd7 41. Rc1 Kd6 42. Rh1 e5 43. dxe5+ Kxe5 44. Rxh2 Ke4 45. Rh3 {Black
resigns} 1-0

[Event "Team 45 45 League T96"]
[Site "Internet Chess Club"]
[Date "2023.05.15"]
[Round "1"]
[White "DaveTheRook"]
[Black "BIRDSMAN"]
[Result "1/2-1/2"]
[WhiteElo "1411"]
[BlackElo "1318"]
[Opening "QGD: exchange, positional line"]
[ECO "D35"]
[Time "19:00:29"]
[PlyCount "34"]
[TimeControl "2700+45"]

1. d4 Nf6 2. c4 e6 3. Nc3 d5 4. cxd5 exd5 5. Bg5 Nbd7 6. Nf3 c6 7. e3 Be7 8. Bd3
O-O 9. O-O Re8 10. Qc2 Nf8 11. h3 g6 12. Bf4 Ne6 13. Bh2 Ng7 14. a3 Bf5 15. Bxf5
Nxf5 16. Rac1 Nd6 17. Nd2 Nde4 {Game drawn by mutual agreement} 1/2-1/2

[Event "Team 45 45 League T96"]
[Site "Internet Chess Club"]
[Date "2023.05.12"]
[Round "1"]
[White "HomerSimpson"]
[Black "Pruett1988"]
[Result "1-0"]
[WhiteElo "2011"]
[BlackElo "1677"]
[Opening "Queen's pawn, Mason variation"]
[ECO "D00"]
[Time "22:28:14"]
[PlyCount "67"]
[TimeControl "2700+45"]

1. d4 d5 2. Bf4 Nf6 3. e3 c5 4. dxc5 Nc6 5. Bb5 Qa5+ 6. Nc3 e6 7. a3 Ne4 8. Ne2
Nxc3 9. Nxc3 Be7 10. O-O O-O 11. b4 Qd8 12. Bxc6 bxc6 13. Qd2 a5 14. Rab1 Ba6
15. Rfd1 Qd7 16. e4 axb4 17. axb4 Bc4 18. exd5 exd5 19. Ne4 Rfe8 20. Ng3 Bf8 21.
Qd4 Qe6 22. h4 h5 23. Nxh5 Qg4 24. Ng3 Qxh4 25. Nf5 Qh7 26. Nd6 Bxd6 27. cxd6
Re4 28. Qb6 Rxf4 29. d7 Qh4 30. g3 Qg5 31. Qc7 Re4 32. Re1 Qd8 33. Qxc6 Ra6 34.
Rxe4 {Black resigns} 1-0

[Event "Team 45 45 League T96"]
[Site "Internet Chess Club"]
[Date "2023.05.19"]
[Round "1"]
[White "Lawkeito"]
[Black "martineden"]
[Result "0-1"]
[WhiteElo "1702"]
[BlackElo "1828"]
[Opening "QGD Slav defense"]
[ECO "D10"]
[Time "09:38:23"]
[PlyCount "30"]
[TimeControl "2700+45"]

1. d4 d5 2. c4 c6 3. Nc3 Nf6 4. e3 a6 5. Qc2 Bg4 6. Bd3 e6 7. Nge2 Nbd7 8. O-O
dxc4 9. Bxc4 b5 10. Bd3 c5 11. Qd2 Rc8 12. h3 Bh5 13. dxc5 Nxc5 14. Bb1 Qxd2 15.
Bxd2 b4 {White resigns} 0-1

[Event "Team 45 45 League T96"]
[Site "Internet Chess Club"]
[Date "2023.05.13"]
[Round "1"]
[White "fishhead"]
[Black "AlWynJones"]
[Result "0-1"]
[WhiteElo "1653"]
[BlackElo "1485"]
[Opening "Pirc defense"]
[ECO "B07"]
[Time "14:00:25"]
[PlyCount "22"]
[TimeControl "2700+45"]

1. e4 d6 2. d4 Nf6 3. Nc3 g6 4. Bd3 e5 5. Nge2 Bg7 6. h3 O-O 7. O-O exd4 8. Nxd4
Ng4 9. Nf3 Ne5 10. Be2 Nbc6 11. Bg5 Nxf3+ {White resigns} 0-1

[Event "Team 45 45 League T96"]
[Site "Internet Chess Club"]
[Date "2023.05.14"]
[Round "1"]
[White "fireball"]
[Black "zethhon"]
[Result "0-1"]
[WhiteElo "1468"]
[BlackElo "1528"]
[Opening "Sicilian: Smith-Morra gambit"]
[ECO "B21"]
[Time "10:00:33"]
[PlyCount "72"]
[TimeControl "2700+45"]

1. e4 c5 2. d4 cxd4 3. c3 dxc3 4. Nxc3 Nc6 5. Nf3 e6 6. Bc4 a6 7. O-O Nge7 8.
Bg5 f6 9. Be3 b5 10. Bb3 Ng6 11. Qe2 Na5 12. Bc2 Nc4 13. Bb3 Nxe3 14. Qxe3 Be7
15. Rfd1 Qc7 16. Rac1 Bc5 17. Qe1 O-O 18. Nd5 Qa7 19. h4 Kh8 20. h5 Ne7 21. Nf4
Nc6 22. Bxe6 dxe6 23. Qe2 Nd4 24. Nxd4 Bxd4 25. Ng6+ hxg6 26. hxg6 Bxf2+ 27. Kh1
Qe3 28. Qh5+ Qh6 29. Qxh6+ gxh6 30. Rc7 Kg8 31. Rh7 Ra7 32. Rxh6 Kg7 33. Rh3
Kxg6 34. g3 e5 35. Rh2 Bg4 36. Rc1 Bf3+ {White resigns} 0-1

[Event "Team 45 45 League T96"]
[Site "Internet Chess Club"]
[Date "2023.05.16"]
[Round "1"]
[White "jonesey"]
[Black "primerpaso"]
[Result "1/2-1/2"]
[WhiteElo "1871"]
[BlackElo "1800"]
[Opening "Sicilian defense"]
[ECO "B20"]
[Time "15:00:29"]
[PlyCount "52"]
[TimeControl "2700+45"]

1. e4 c5 2. c4 e5 3. Nc3 Nc6 4. d3 d6 5. g3 g6 6. Bg2 Bg7 7. Nge2 Nge7 8. O-O
O-O 9. Rb1 Be6 10. Nd5 f5 11. f4 fxe4 12. dxe4 Nd4 13. Qd3 a6 14. Nxd4 exd4 15.
b4 b6 16. bxc5 bxc5 17. Rb7 Nxd5 18. cxd5 Bd7 19. Re1 Bb5 20. Qd1 Re8 21. a4 Bd7
22. Bd2 Bc8 23. Rb1 Ra7 24. Qc2 Qc7 25. Bf1 Bd7 26. Bd3 Rb8 {Game drawn by
mutual agreement} 1/2-1/2

[Event "Team 45 45 League T96"]
[Site "Internet Chess Club"]
[Date "2023.05.14"]
[Round "1"]
[White "Portola"]
[Black "pmarcal"]
[Result "1/2-1/2"]
[WhiteElo "1771"]
[BlackElo "1701"]
[Opening "Queen's pawn game"]
[ECO "D02"]
[Time "09:30:45"]
[PlyCount "161"]
[TimeControl "2700+45"]

1. d4 d5 2. Nf3 Bf5 3. c3 e6 4. Bf4 Bd6 5. Bg3 Nf6 6. Nbd2 O-O 7. e3 b6 8. Be2
c5 9. Nh4 Bg6 10. Nxg6 hxg6 11. Qc2 Nc6 12. Bf3 Rc8 13. Qd3 Re8 14. O-O Bxg3 15.
hxg3 Ne7 16. Rfd1 Nf5 17. g4 Nd6 18. Qf1 Qe7 19. g3 Nfe4 20. Bxe4 Nxe4 21. Nxe4
dxe4 22. dxc5 bxc5 23. Qc4 f5 24. Rd2 Red8 25. Rad1 Kf7 26. Kf1 Rxd2 27. Rxd2
Rd8 28. Ke1 Rxd2 29. Kxd2 Qd6+ 30. Kc2 Kf6 31. b4 cxb4 32. cxb4 Kg5 33. gxf5
gxf5 34. a4 e5 35. a5 Qd8 36. f3 f4 37. gxf4+ exf4 38. exf4+ Kxf4 39. Qxe4+ Kg3
40. Qg4+ Kf2 41. Qxg7 Kxf3 42. Qxa7 Qc8+ 43. Qc5 Qe6 44. Kb2 Qa6 45. Kb3 Kg2 46.
Ka4 Qe6 47. Kb5 Kh2 48. Qc6 Qb3 49. Qc4 Qd1 50. a6 Qh5+ 51. Qc5 Qe8+ 52. Ka5
Qd8+ 53. Qb6 Qd5+ 54. b5 Qd2+ 55. Ka4 Qc3 56. Qc6 Qd2 57. Qc5 Qd1+ 58. Ka5 Qd8+
59. b6 Qd2+ 60. Kb5 Qd3+ 61. Qc4 Qd7+ 62. Ka5 Qd2+ 63. Kb5 Qd7+ 64. Ka5 Qd2+ 65.
Ka4 Qd1+ 66. Ka5 Qd2+ 67. Qb4 Qd5+ 68. Qb5 Qd2+ 69. Ka4 Qa2+ 70. Kb4 Qb2+ 71.
Kc5 Qe5+ 72. Kb4 Qb2+ 73. Kc4 Qe2+ 74. Kc5 Qe5+ 75. Kc4 Qe2+ 76. Kb4 Qb2+ 77.
Ka5 Qa3+ 78. Qa4 Qc5+ 79. Qb5 Qa3+ 80. Qa4 Qc5+ 81. Qb5 {Game drawn by mutual
agreement} 1/2-1/2

[Event "Team 45 45 League T96"]
[Site "Internet Chess Club"]
[Date "2023.05.12"]
[Round "1"]
[White "ghowell"]
[Black "VictorRed"]
[Result "0-1"]
[WhiteElo "1631"]
[BlackElo "1675"]
[Opening "Sicilian defense"]
[ECO "B32"]
[Time "17:26:47"]
[PlyCount "88"]
[TimeControl "2700+45"]

1. e4 c5 2. Nf3 Nc6 3. d4 cxd4 4. Nxd4 a6 5. c4 e6 6. Nc3 Bc5 7. Be3 Qf6 8. Nxe6
Bxe3 9. Nc7+ Kf8 10. fxe3 Rb8 11. Qd2 Nge7 12. O-O-O g6 13. c5 Qe5 14. Qd6 b5
15. cxb6 Rxb6 16. Qxe5 Nxe5 17. N7d5 Rc6 18. Be2 Nc4 19. Rhf1 Rc5 20. Bxc4 Rxc4
21. Nb6 Rc7 22. Kd2 Bb7 23. Ke1 Bc6 24. Rf6 Kg7 25. e5 Rb8 26. Nc4 Bxg2 27. Nd6
Rf8 28. Rxf7+ Rxf7 29. Ne8+ Kf8 30. Nxc7 Rf1+ 31. Kd2 Rxd1+ 32. Kxd1 a5 33. e4
Kf7 34. Ke2 Nc6 35. Kf2 Bh1 36. Ke3 Nxe5 37. Kd4 Nf3+ 38. Kd5 Nxh2 39. Kd6 Ng4
40. Kxd7 Nf6+ 41. Kc6 Nxe4 42. N7d5 Nxc3 43. bxc3 Ke6 44. c4 g5 {White resigns}
0-1

[Event "Team 45 45 League T96"]
[Site "Internet Chess Club"]
[Date "2023.05.12"]
[Round "1"]
[White "QuieroAprender"]
[Black "magiclydonkey"]
[Result "1/2-1/2"]
[WhiteElo "1640"]
[BlackElo "1406"]
[Opening "Sicilian defense"]
[ECO "B30"]
[Time "15:04:31"]
[PlyCount "143"]
[TimeControl "2700+45"]

1. e4 c5 2. Nf3 Nc6 3. g3 g6 4. Bg2 Bg7 5. c3 Nf6 6. Qe2 d5 7. e5 Nd7 8. d4 O-O
9. O-O b6 10. Bg5 h6 11. Bh4 cxd4 12. cxd4 Nb4 13. Qd2 a5 14. Rc1 g5 15. a3 Na6
16. Nxg5 hxg5 17. Qxg5 Nc7 18. Qxe7 Qxe7 19. Bxe7 Ra7 20. Bxf8 Nxf8 21. Rc6 Bf5
22. Nc3 Nfe6 23. Rd1 Bf8 24. Rxb6 a4 25. Nxd5 Nxd5 26. Bxd5 Rd7 27. Bc6 Rxd4 28.
Rxd4 Nxd4 29. Bxa4 Nf3+ 30. Kg2 Nxe5 31. f4 Be4+ 32. Kf2 Bc5+ 33. Ke2 Bf3+ 34.
Kf1 Bxb6 35. fxe5 Bd4 36. b4 Bb2 37. Kf2 Bb7 38. b5 Bxa3 39. Ke3 Bc5+ 40. Kf4
Bd5 41. h4 Bb6 42. g4 Bc7 43. g5 Kg7 44. h5 Ba5 45. h6+ Kh8 46. Ke3 Bc3 47. e6
Bxe6 48. b6 Ba5 49. b7 Bc7 50. Bc2 Kg8 51. Kd4 Bg4 52. Be4 Kf8 53. Kd5 Bd7 54.
Kc5 Ba4 55. Kd5 Kg8 56. Bf5 Kf8 57. Kd4 Bc6 58. Be4 Bxb7 59. Bxb7 Bf4 60. Bc8
Bxg5 61. h7 Kg7 62. Bf5 Bf6+ 63. Ke4 Kh6 64. Kf4 Bb2 65. Kg4 Bc3 66. Kf4 Bb2 67.
Ke4 Kg5 68. Bd7 Kh6 69. Bf5 Kg5 70. Bd7 Kg6 71. Be8 Kxh7 72. Bxf7 {Game drawn
because neither player has mating material} 1/2-1/2

[Event "Team 45 45 League T96"]
[Site "Internet Chess Club"]
[Date "2023.05.15"]
[Round "1"]
[White "fishhead"]
[Black "primerpaso"]
[Result "0-1"]
[WhiteElo "1643"]
[BlackElo "1796"]
[Opening "Sicilian: Najdorf, 7...Be7 main line"]
[ECO "B99"]
[Time "16:01:26"]
[PlyCount "136"]
[TimeControl "2700+45"]

1. e4 c5 2. Nf3 d6 3. d4 cxd4 4. Nxd4 Nf6 5. Nc3 a6 6. Bg5 e6 7. f4 Be7 8. Qf3
Qc7 9. O-O-O Nbd7 10. Bd3 Nc5 11. Rhe1 h6 12. Bh4 Nfxe4 13. Bxe7 Nxc3 14. Bxd6
Nxa2+ 15. Kb1 Nc3+ 16. bxc3 Qxd6 17. Nxe6 Qb6+ 18. Kc1 Bxe6 19. f5 O-O 20. fxe6
fxe6 21. Qg3 Rad8 22. Bc4 Rxd1+ 23. Rxd1 Qa5 24. Rd4 b5 25. Be2 Na4 26. c4 Qb4
27. Rg4 Qb2+ 28. Kd2 Rd8+ 29. Bd3 Nc5 30. Kd1 Nxd3 31. cxd3 bxc4 32. Rxc4 Rf8
33. Rc2 Rf1+ 34. Kd2 Qf6 35. Ke2 Rb1 36. Qf3 Qxf3+ 37. Kxf3 Kf7 38. Ra2 Rb6 39.
Ke4 Ke7 40. d4 Kd6 41. h4 g6 42. Ra5 Rc6 43. Kd3 Kc7 44. d5 Rd6 45. Ke4 exd5+
46. Kd4 Kb6 47. Ra3 Kb5 48. Rb3+ Ka4 49. Rb8 a5 50. Ke5 Rd7 51. Ke6 Rc7 52. Kxd5
Rc2 53. Rb6 Rxg2 54. Ke4 h5 55. Kf3 Rg4 56. Ke3 Rxh4 57. Rxg6 Kb3 58. Rg5 a4 59.
Rb5+ Kc4 60. Ra5 Kb4 61. Ra8 a3 62. Kd2 Rh2+ 63. Kd3 a2 64. Rb8+ Ka3 65. Ra8+
Kb2 66. Rb8+ Kc1 67. Rc8+ Kd1 68. Ra8 Kc1 {White resigns} 0-1

[Event "Team 45 45 League T96"]
[Site "Internet Chess Club"]
[Date "2023.05.14"]
[Round "1"]
[White "mandrull"]
[Black "cayo89"]
[Result "0-1"]
[WhiteElo "1652"]
[BlackElo "1538"]
[Opening "Trompowsky attack (Ruth, Opocenský opening)"]
[ECO "A45"]
[Time "06:58:26"]
[PlyCount "104"]
[TimeControl "2700+45"]

1. d4 Nf6 2. Bg5 d6 3. e3 Nbd7 4. Bd3 e5 5. Nd2 Be7 6. Ngf3 c6 7. O-O O-O 8. c3
Re8 9. Qc2 h6 10. Bh4 Qc7 11. h3 Bf8 12. dxe5 dxe5 13. Bg3 a6 14. Rfd1 b5 15. b4
c5 16. Qb2 c4 17. Bf5 Bb7 18. Qc2 Rad8 19. Ne4 Nxe4 20. Bxe4 Bxe4 21. Qxe4 Nf6
22. Qf5 Nd7 23. Rd2 g6 24. Qc2 Bg7 25. Rad1 f5 26. Bh4 Nf6 27. Rxd8 Rxd8 28.
Rxd8+ Qxd8 29. Nxe5 Kh7 30. Bxf6 Bxf6 31. Nc6 Qd6 32. Nd4 Kg7 33. Qe2 Kf7 34.
Qf3 Ke7 35. Qb7+ Kf8 36. Qc8+ Kf7 37. Qc6 Qxc6 38. Nxc6 Bxc3 39. Kf1 Ke6 40. Nb8
Bxb4 41. Nxa6 Bd6 42. Ke2 Kd5 43. Kd2 b4 44. f3 g5 45. g4 Ke5 46. Kc2 fxg4 47.
hxg4 Kf6 48. f4 h5 49. fxg5+ Kxg5 50. gxh5 Kxh5 51. Kd2 Kg5 52. e4 Kf4 {White
resigns} 0-1

[Event "Team 45 45 League T96"]
[Site "Internet Chess Club"]
[Date "2023.05.15"]
[Round "1"]
[White "fireball"]
[Black "julesraider"]
[Result "1/2-1/2"]
[WhiteElo "1472"]
[BlackElo "1564"]
[Opening "English: symmetrical, Benoni formation"]
[ECO "A31"]
[Time "13:30:51"]
[PlyCount "180"]
[TimeControl "2700+45"]

1. d4 Nf6 2. c4 c5 3. Nf3 e6 4. Bg5 d5 5. e3 Nc6 6. cxd5 exd5 7. Bb5 Bg4 8. h3
Bxf3 9. Qxf3 cxd4 10. exd4 Be7 11. O-O O-O 12. Nd2 Nxd4 13. Qd3 Nxb5 14. Qxb5 b6
15. Rad1 Rc8 16. Nb3 h6 17. Bxf6 Bxf6 18. Rxd5 Qe7 19. Rd2 Rfe8 20. Qd3 Rcd8 21.
Qb1 Qe5 22. Rfd1 Bg5 23. Rxd8 Rxd8 24. Rxd8+ Bxd8 25. Nd2 Bf6 26. b3 Qe2 27. Nf3
Bc3 28. Qf5 Qd1+ 29. Kh2 Qd6+ 30. Kh1 Bf6 31. Qc8+ Kh7 32. Qc2+ g6 33. Kg1 a5
34. Kf1 b5 35. Kg1 Bd8 36. Qd2 Qc7 37. Kf1 Bf6 38. Kg1 b4 39. Kh1 Bc3 40. Qc2
Qd6 41. Qe2 Kg7 42. Kg1 Qd5 43. Qc2 g5 44. Qe2 Qf5 45. g4 Qf4 46. Qe3 Qd6 47.
Kg2 Qd5 48. Qe2 Bf6 49. Qc4 Qd1 50. Qb5 Qd8 51. Qe2 Bc3 52. Qc2 Qd5 53. Qe2 Kf6
54. Qc2 Kg7 55. Qe2 Kf8 56. Qc2 Ke7 57. Qe2+ Qe6 58. Qxe6+ Kxe6 59. Ng1 f5 60.
Ne2 Be5 61. Kf3 fxg4+ 62. hxg4 Kd5 63. Ke3 Bh2 64. Nd4 Bd6 65. Nf5 Bc5+ 66. Kd3
Bxf2 67. Nxh6 Bg3 68. Nf5 Bc7 69. Ne7+ Ke5 70. Ke3 Bb6+ 71. Kd3 Ke6 72. Nf5 Ke5
73. Kc4 Kf4 74. Nh6 Bc7 75. Kb5 Bd8 76. Ka4 Ke3 77. Kb5 Kd3 78. Nf5 Kc3 79. Nd6
Kb2 80. Nb7 Kxa2 81. Nxd8 Kxb3 82. Nc6 a4 83. Nxb4 a3 84. Kc5 Kc3 85. Nd5+ Kb3
86. Nb4 Kc3 87. Na2+ Kb3 88. Nb4 Kc3 89. Na2+ Kb3 90. Nb4 Kc3 {Game drawn by
repetition} 1/2-1/2

[Event "Team 45 45 League T96"]
[Site "Internet Chess Club"]
[Date "2023.05.12"]
[Round "1"]
[White "mongmong"]
[Black "isolani"]
[Result "1-0"]
[WhiteElo "1472"]
[BlackElo "1428"]
[Opening "Queen's pawn game"]
[ECO "D04"]
[Time "18:00:40"]
[PlyCount "95"]
[TimeControl "2700+45"]

1. d4 d5 2. Nf3 Nf6 3. e3 Bf5 4. c4 e6 5. Qb3 Be7 6. Nc3 O-O 7. Qxb7 Nbd7 8. Qb3
Rb8 9. Qd1 c6 10. Nh4 Bg4 11. Be2 Bxe2 12. Qxe2 Qa5 13. Qc2 Ne4 14. Nf3 Bb4 15.
Bd2 Nxd2 16. Nxd2 f5 17. O-O Nf6 18. a3 Bxc3 19. bxc3 Qc7 20. h3 g6 21. Rfb1 Ne4
22. cxd5 exd5 23. Nxe4 Rxb1+ 24. Rxb1 fxe4 25. c4 Qa5 26. a4 Kg7 27. cxd5 cxd5
28. Rc1 Rf7 29. Rf1 Rc7 30. Qb3 Rc4 31. Ra1 Rb4 32. Qd1 Rb2 33. h4 Qb4 34. g3 a5
35. Qg4 Rb1+ 36. Rxb1 Qxb1+ 37. Kg2 Qb3 38. Qd7+ Kh8 39. Qd8+ Kg7 40. Qxa5 Qd1
41. Qc7+ Kh8 42. Qd8+ Kg7 43. Qe7+ Kh6 44. Qg5+ Kg7 45. Qe5+ Kh6 46. Qf4+ Kg7
47. a5 Qd3 48. Qe5+ {Black resigns} 1-0

[Event "Team 45 45 League T96"]
[Site "Internet Chess Club"]
[Date "2023.05.13"]
[Round "1"]
[White "Sandrotov"]
[Black "jfkingiii"]
[Result "1-0"]
[WhiteElo "1615"]
[BlackElo "1448"]
[Opening "English: Mikenas-Carls, Flohr variation"]
[ECO "A18"]
[Time "19:00:30"]
[PlyCount "81"]
[TimeControl "2700+45"]

1. c4 Nf6 2. Nc3 e6 3. e4 d5 4. e5 d4 5. exf6 dxc3 6. bxc3 Qxf6 7. d4 c5 8. Nf3
Qd8 9. Ba3 Qa5 10. Qb3 Be7 11. Bd3 O-O 12. O-O Re8 13. Be4 Qc7 14. Rab1 cxd4 15.
Nxd4 a6 16. Rfd1 Bxa3 17. Qxa3 Nd7 18. Nb5 Qe5 19. Nd6 Rf8 20. Nxc8 Raxc8 21.
Bxb7 Rcd8 22. Bxa6 Nf6 23. Re1 Qf5 24. Rb5 Qd3 25. Rbe5 Ng4 26. c5 Qd2 27. R5e2
Qf4 28. g3 Qc7 29. Bb5 Ra8 30. Qb4 Rfb8 31. a4 Nf6 32. c4 Ne8 33. Rd2 Rd8 34.
Red1 Rxd2 35. Rxd2 Nf6 36. c6 h6 37. f3 Rb8 38. Qc5 Ne8 39. Rd7 Qb6 40. Qxb6
Rxb6 41. Rd8 {Black resigns} 1-0

[Event "Team 45 45 League T96"]
[Site "Internet Chess Club"]
[Date "2023.05.13"]
[Round "1"]
[White "kabindra"]
[Black "dalmata"]
[Result "1-0"]
[WhiteElo "1719"]
[BlackElo "1525"]
[Opening "French: advance, Paulsen attack"]
[ECO "C02"]
[Time "15:00:13"]
[PlyCount "89"]
[TimeControl "2700+45"]

1. e4 e6 2. d4 d5 3. e5 c5 4. c3 Nc6 5. Nf3 cxd4 6. cxd4 Bb4+ 7. Nc3 Nge7 8. Bd3
O-O 9. O-O Nf5 10. a3 Ba5 11. b4 Bb6 12. Bg5 f6 13. exf6 gxf6 14. Bxf5 fxg5 15.
Bc2 Qf6 16. Qd3 Qg7 17. Nxg5 Rf5 18. Nf3 Nxd4 19. Bd1 Nxf3+ 20. Bxf3 Bd4 21.
Rac1 Bxc3 22. Rxc3 b6 23. Rfc1 Bb7 24. Rc7 Rf7 25. Rxf7 Qxf7 26. Qe3 Rc8 27. Re1
Rc6 28. b5 Rc5 29. a4 Bc8 30. Bg4 Rc2 31. f3 Rc4 32. Qg5+ Qg7 33. Qd8+ Qf8 34.
Qg5+ Qg7 35. Bxe6+ Bxe6 36. Qxg7+ Kxg7 37. Rxe6 Rxa4 38. Rd6 d4 39. Kf2 Rb4 40.
Rd8 Rxb5 41. Rxd4 a5 42. h4 Rb4 43. Rxb4 axb4 44. Ke3 b3 45. Kd3 {Black resigns}
1-0

[Event "Team 45 45 League T96"]
[Site "Internet Chess Club"]
[Date "2023.05.16"]
[Round "1"]
[White "Constrictor"]
[Black "alexcolins"]
[Result "1-0"]
[WhiteElo "1454"]
[BlackElo "1415"]
[Opening "Sicilian: Hungarian variation"]
[ECO "B27"]
[Time "20:00:54"]
[PlyCount "37"]
[TimeControl "2700+45"]

1. Nf3 c5 2. e4 g6 3. d3 Bg7 4. g3 Nc6 5. Bg2 d6 6. O-O h6 7. Nc3 Nf6 8. Nh4 Bd7
9. Bd2 O-O 10. f4 Bg4 11. Qc1 Qd7 12. e5 dxe5 13. fxe5 Nxe5 14. Bxh6 Bh3 15.
Bxg7 Kxg7 16. Qg5 Bxg2 17. Nf5+ Kh8 18. Qh6+ Nh7 19. Qg7# {Black checkmated} 1-0

[Event "Team 45 45 League T96"]
[Site "Internet Chess Club"]
[Date "2023.05.14"]
[Round "1"]
[White "herrahuu"]
[Black "ChessG2011"]
[Result "0-1"]
[WhiteElo "1452"]
[BlackElo "1449"]
[Opening "Scotch game"]
[ECO "C45"]
[Time "11:30:49"]
[PlyCount "52"]
[TimeControl "2700+45"]

1. e4 e5 2. Nf3 Nc6 3. d4 exd4 4. Nxd4 Qf6 5. Nb3 Bb4+ 6. c3 Ba5 7. Bb5 Bb6 8.
O-O Nge7 9. N1d2 O-O 10. Nf3 d6 11. Nbd4 Nxd4 12. cxd4 Bg4 13. Bg5 Qe6 14. Re1
Ng6 15. Qd3 Bxf3 16. gxf3 h6 17. f4 hxg5 18. f5 Qf6 19. fxg6 Qxg6 20. Bd7 Rfd8
21. Bf5 Qf6 22. e5 dxe5 23. dxe5 Rxd3 24. exf6 Rf3 25. Re5 gxf6 26. Rd5 c6
{White resigns} 0-1

[Event "Team 45 45 League T96"]
[Site "Internet Chess Club"]
[Date "2023.05.14"]
[Round "1"]
[White "Denis240964"]
[Black "SeniorCitizen"]
[Result "1-0"]
[WhiteElo "1316"]
[BlackElo "1214"]
[Opening "French: Tarrasch, closed variation"]
[ECO "C05"]
[Time "11:00:21"]
[PlyCount "69"]
[TimeControl "2700+45"]

1. e4 e6 2. d4 d5 3. Nd2 Nf6 4. e5 Nfd7 5. Ngf3 c5 6. c3 cxd4 7. cxd4 Nc6 8. Be2
Be7 9. O-O O-O 10. a3 a6 11. Nb3 f6 12. Bf4 fxe5 13. Bxe5 Ndxe5 14. Nxe5 Nxe5
15. dxe5 Bd7 16. Nd4 Bc5 17. b4 Bb6 18. Rc1 Rf4 19. Nf3 Bb5 20. Bxb5 axb5 21.
Qb3 Qe7 22. Rc3 Qf8 23. Rd1 Rc8 24. Rdc1 Rfc4 25. R1c2 Qf4 26. Qb2 Rxc3 27. Rxc3
Rxc3 28. Qxc3 Qc4 29. Qb2 d4 30. Nd2 Qe2 31. Qc1 Qe3 32. fxe3 dxe3 33. Nf3 e2+
34. Kh1 Bf2 35. g3 {Black resigns} 1-0

[Event "Team 45 45 League T96"]
[Site "Internet Chess Club"]
[Date "2023.05.15"]
[Round "1"]
[White "woofgang"]
[Black "tamky70"]
[Result "0-1"]
[WhiteElo "1181"]
[BlackElo "1314"]
[Opening "Alekhine's defense"]
[ECO "B07"]
[Time "14:05:15"]
[PlyCount "60"]
[TimeControl "2700+45"]

1. e4 Nf6 2. Nc3 d6 3. d4 Nbd7 4. f4 e6 5. Nf3 Be7 6. Bc4 Nb6 7. Bb3 Bd7 8. Be3
O-O 9. h3 c6 10. Qd3 h6 11. g4 d5 12. e5 Nh7 13. O-O-O Nc4 14. Bxc4 dxc4 15.
Qxc4 b5 16. Qd3 Qa5 17. h4 b4 18. Nb1 Qxa2 19. h5 a5 20. g5 Bc8 21. gxh6 Ba6 22.
Qe4 Qd5 23. Qxd5 cxd5 24. Rhg1 a4 25. hxg7 Rfc8 26. h6 a3 27. bxa3 bxa3 28. Nxa3
Bxa3+ 29. Kd2 Bb4+ 30. c3 Bxc3+ {White resigns} 0-1

[Event "Team 45 45 League T96"]
[Site "Internet Chess Club"]
[Date "2023.05.12"]
[Round "1"]
[White "Visin"]
[Black "thundercat1"]
[Result "1-0"]
[WhiteElo "1255"]
[BlackElo "1027"]
[Opening "King's pawn game"]
[ECO "C50"]
[Time "12:00:23"]
[PlyCount "27"]
[TimeControl "2700+45"]

1. e4 e5 2. Nf3 Nc6 3. Bc4 Nh6 4. Nc3 Bc5 5. h3 Bd4 6. d3 a6 7. Bg5 f6 8. Bxh6
gxh6 9. Nxd4 Nxd4 10. Qh5+ Ke7 11. Qf7+ Kd6 12. Qd5+ Ke7 13. O-O-O d6 14. Qf7#
{Black checkmated} 1-0

[Event "Team 45 45 League T96"]
[Site "Internet Chess Club"]
[Date "2023.05.14"]
[Round "1"]
[White "Rookmaster"]
[Black "jjmolina1"]
[Result "1-0"]
[WhiteElo "1619"]
[BlackElo "1557"]
[Opening "two knights: Max Lange attack"]
[ECO "C50"]
[Time "08:59:57"]
[PlyCount "23"]
[TimeControl "2700+45"]

1. e4 e5 2. Nf3 Nc6 3. Bc4 Bc5 4. O-O Nf6 5. d4 exd4 6. e5 d5 7. exf6 dxc4 8.
Re1+ Be6 9. Ng5 Qxf6 10. Nxe6 fxe6 11. Qh5+ g6 12. Qxc5 {Black resigns} 1-0

[Event "Team 45 45 League T96"]
[Site "Internet Chess Club"]
[Date "2023.05.16"]
[Round "1"]
[White "kabindra"]
[Black "trogers41"]
[Result "1-0"]
[WhiteElo "1686"]
[BlackElo "1363"]
[Opening "Bishop's opening: Classical variation"]
[ECO "C23"]
[Time "14:00:47"]
[PlyCount "63"]
[TimeControl "2700+45"]

1. e4 e5 2. Bc4 Bc5 3. Nf3 d6 4. d4 exd4 5. Ng5 Nh6 6. h3 O-O 7. Nf3 Qf6 8. Bg5
Qg6 9. O-O Kh8 10. Bxh6 Qxh6 11. Nxd4 a6 12. c3 Be6 13. Nxe6 fxe6 14. Qg4 Rf4
15. Qxe6 Qxe6 16. Bxe6 Rxe4 17. Bd5 Re2 18. Bxb7 Ra7 19. Bf3 Rxb2 20. a4 Nd7 21.
Na3 Ne5 22. Bd5 c6 23. Nc4 Nxc4 24. Bxc4 d5 25. Rab1 Rxb1 26. Rxb1 Kg8 27. Bd3
a5 28. Rb8+ Kf7 29. Bxh7 Re7 30. Kf1 Re8 31. Bg6+ Kxg6 32. Rxe8 {Black resigns}
1-0

[Event "Team 45 45 League T96"]
[Site "Internet Chess Club"]
[Date "2023.05.15"]
[Round "1"]
[White "Fulmar"]
[Black "Constrictor"]
[Result "0-1"]
[WhiteElo "1224"]
[BlackElo "1438"]
[Opening "Caro-Kann defense"]
[ECO "B10"]
[Time "19:00:27"]
[PlyCount "54"]
[TimeControl "2700+45"]

1. e4 c6 2. Nf3 d5 3. exd5 cxd5 4. Ne5 Nf6 5. d4 Bf5 6. Bd3 Bxd3 7. Nxd3 Nc6 8.
c3 e6 9. Bf4 Bd6 10. Bxd6 Qxd6 11. O-O O-O 12. Re1 b5 13. Ne5 Rfc8 14. Nxc6 Rxc6
15. a3 a5 16. Nd2 Rac8 17. Re3 b4 18. axb4 axb4 19. Qa4 bxc3 20. Rxc3 Rxc3 21.
bxc3 h6 22. Qc2 Qb6 23. Nb3 Ne4 24. Qd3 Qxb3 25. Qa6 Qxc3 26. Kf1 Qc2 27. Qb7
Qxf2# {White checkmated} 0-1